Map: King's Cove LE

Players

InsomniA - Winner!

  • Race: Terran Terran
  • League: Diamond
  • Spawn Location: 5:00

Mez

  • Race: Terran Terran
  • League: Master
  • Spawn Location: 11:00

VOD

Have the link to the VOD?

Description

Time

  • Played on: Aug. 12, 2019, 7:59 p.m.
  • Length: 17:22
Show
View Real Time Build Order
Export as new Build Order

InsomniA Terran - Winner!

Build Orders: 1/1/1, Cyclone Opening, Mech 

Get SALT Encoding   

  12  0:01  SCV  
  13  0:13  SCV  
  14  0:18  Supply Depot  
  14  0:25  SCV  
  15  0:35  Refinery  
  15  0:39  SCV  
  16  0:46  Barracks  
  16  0:52  SCV  
  17  1:03  Refinery  
  17  1:04  SCV  
  18  1:18  SCV  
  19  1:33  Reaper, Orbital Command  
  19  1:36  Supply Depot  
  20  1:45  Factory  
  20  1:58  SCV  
  21  2:04  Bunker  
  21  2:06  Reaper  
  22  2:16  SCV  
  23  2:25  Supply Depot  
  23  2:28  Factory Tech Lab  
  23  2:29  Starport  
  23  2:33  SCV  
  24  2:47  Cyclone  
  24  2:48  SCV  
  28  3:06  Starport Tech Lab  
  28  3:09  SCV  
  29  3:25  Command Center  
  29  3:26  Siege Tank  
  32  3:37  SCV, Supply Depot  
  32  3:41  Raven  
  35  3:55  SCV  
  36  4:01  Siege Tank, Supply Depot  
  39  4:09  SCV  
  40  4:24  Engineering Bay  
  40  4:34  Refinery x2  
  40  4:35  SCV  
  41  4:42  Raven  
  41  4:45  Orbital Command  
  43  4:49  Engineering Bay  
  43  4:54  SCV  
  44  5:03  Missile Turret  
  44  5:07  SCV  
  44  5:11  SCV  
  46  5:16  Command Center  
  46  5:20  SCV  
  46  5:21  Siege Tank  
  50  5:23  Barracks Reactor  
  50  5:31  SCV  
  50  5:32  SCV  
  52  5:39  Supply Depot  
  52  5:43  Missile Turret  
  52  5:44  SCV  
  52  5:45  SCV  
  54  5:56  Missile Turret  
  54  6:00  Siege Tank  
  57  6:09  Factory  
  57  6:10  Factory  
  57  6:11  Viking x2  
  61  6:19  SCV x2  
  63  6:26  Missile Turret  
  63  6:30  Orbital Command  
  63  6:32  SCV x2  
  65  6:37  Siege Tank  
  68  6:59  Siege Tank  
  68  7:00  Viking x2, Factory Reactor  
  75  7:12  Liberator  
  75  7:17  SCV x2  
  75  7:18  SCV  
  78  7:29  SCV x2  
  80  7:30  Viking, SCV  
  86  7:57  Infernal Pre-Igniter  
  86  7:58  Siege Tank x2  
  92  7:59  Armory  
  92  8:27  Hellion x2  
  93  8:36  Viking  
  93  8:39  Viking  
  90  8:58  Siege Tank  
  90  9:01  Starport  
  93  9:02  Refinery  
  93  9:03  Terran Ship Weapons Level 1  
  93  9:07  Starport  
  93  9:10  Refinery  
  93  9:13  Missile Turret  
  93  9:15  Supply Depot x2  
  93  9:16  Supply Depot  
  93  9:17  Orbital Command  
  93  9:36  Command Center  
  93  9:37  Viking x2, Siege Tank, SCV x2, Hellion x2  
  106  9:45  SCV  
  106  9:49  Viking, SCV x2  
  111  9:58  SCV  
  112  10:01  SCV x2  
  112  10:04  Siege Tank  
  117  10:30  Supply Depot  
  117  10:38  Missile Turret  
  117  10:39  Missile Turret  
  117  10:46  Supply Depot  
  117  10:48  Viking x3, Siege Tank, SCV x3, Armory, Hellbat  
  131  10:56  SCV  
  132  11:00  Viking, SCV x2  
  132  11:01  Missile Turret  
  136  11:09  Missile Turret  
  136  11:17  Thor  
  146  11:18  Hellbat x2  
  145  11:27  Siege Tank  
  148  11:35  Terran Vehicle And Ship Armor Level 1, Terran Ship Weapons Level 2  
  148  11:37  Viking x2, Supply Depot  
  148  11:38  Viking x2  
  156  11:44  Missile Turret  
  156  11:46  SCV  
  157  11:54  Sensor Tower  
  157  12:01  Missile Turret  
  157  12:04  Supply Depot x2  
  157  12:12  Missile Turret, SCV x3  
  160  12:16  Liberator  
  160  12:33  Starport Tech Lab  
  160  12:34  Viking x2  
  160  12:35  Siege Tank x2  
  137  13:08  Viking  
  137  13:09  Viking x2  
  137  13:10  Siege Tank x2, Hellbat  
  137  13:11  Hellbat  
  151  13:16  Viking  
  151  13:37  Command Center  
  151  13:38  Starport  
  151  13:39  Starport  
  151  13:55  Missile Turret  
  151  13:56  Missile Turret  
  151  14:06  Viking x2  
  151  14:07  Viking x2  
  151  14:08  Siege Tank x2  
  155  14:31  Hellbat x2  
  151  14:35  Planetary Fortress  
  151  14:37  SCV x3  
  154  14:40  Siege Tank x2  
  160  14:48  Viking  
  160  14:49  SCV  
  160  14:51  Viking x3  
  157  15:04  Hellbat x2  
  143  15:25  Viking x5  
  151  15:37  Siege Tank x2  
  151  15:51  Hellbat  
  151  15:52  Hellbat  
  151  15:54  Viking  
  151  15:55  Viking x2  
  154  16:02  SCV x3  
  154  16:03  SCV  
  158  16:14  Fusion Core  
  158  16:17  Refinery x2  
  142  17:05  Starport Tech Lab x2  
  156  17:10  Starport Tech Lab  
  160  17:22  Refinery  
Show
View Real Time Build Order
Export as new Build Order

Mez Terran 

Build Orders: Gas First Reaper Expand 

Get SALT Encoding   

  12  0:01  SCV  
  13  0:13  SCV  
  14  0:18  Supply Depot  
  14  0:25  SCV  
  15  0:29  Refinery  
  15  0:40  SCV  
  16  0:46  Barracks  
  16  0:52  SCV  
  17  1:04  SCV  
  18  1:18  SCV  
  19  1:33  Reaper  
  19  1:34  Orbital Command  
  20  1:48  Command Center  
  20  2:00  Factory  
  20  2:03  SCV  
  21  2:08  Barracks Reactor  
  21  2:15  Supply Depot  
  21  2:18  SCV  
  22  2:26  Refinery  
  22  2:30  SCV  
  23  2:42  SCV  
  24  2:46  Marine x2, Factory Tech Lab  
  25  2:55  SCV  
  26  3:01  Orbital Command  
  26  3:04  Marine x2  
  31  3:05  Cyclone  
  31  3:14  Starport  
  31  3:16  SCV  
  32  3:22  Marine x2  
  34  3:27  SCV  
  34  3:28  SCV  
  36  3:37  Siege Tank  
  36  3:39  Marine  
  40  3:41  Refinery  
  40  3:42  Marine  
  41  3:49  SCV x2  
  41  3:51  Starport Tech Lab  
  43  3:56  Supply Depot  
  43  4:01  SCV  
  43  4:02  SCV  
  46  4:17  Raven, SCV x2  
  49  4:26  Supply Depot  
  49  4:27  Marine x2  
  49  4:29  SCV x2  
  53  4:38  Siege Tank  
  53  4:41  SCV  
  53  4:42  SCV  
  58  4:54  SCV x2  
  58  4:55  Supply Depot  
  60  5:01  Marine x2  
  60  5:05  Raven  
  65  5:07  SCV x2  
  65  5:12  Siege Tank  
  69  5:19  SCV x2  
  71  5:26  Command Center  
  71  5:31  SCV x2  
  73  5:37  Barracks  
  73  5:38  Barracks  
  73  5:39  Supply Depot  
  73  5:40  Supply Depot  
  73  5:48  Engineering Bay  
  73  5:49  Refinery  
  73  5:52  Engineering Bay  
  73  5:55  Siege Tank  
  76  6:02  Viking  
  76  6:03  Viking  
  80  6:08  Stimpack  
  80  6:11  SCV x2  
  82  6:15  Supply Depot  
  82  6:16  Supply Depot  
  82  6:19  Marine  
  82  6:24  Terran Infantry Armor Level 1, Terran Infantry Weapons Level 1  
  83  6:27  SCV x2  
  83  6:30  Supply Depot  
  83  6:31  Barracks Reactor  
  83  6:32  Barracks Reactor  
  85  6:52  Marine  
  85  6:53  Siege Tank  
  85  6:54  Viking x2  
  93  7:11  SCV x2, Marine x3  
  93  7:12  Marine  
  99  7:17  Starport  
  99  7:20  Orbital Command  
  99  7:23  SCV x2  
  99  7:27  Viking  
  99  7:28  Viking  
  99  7:29  Supply Depot  
  105  7:30  Supply Depot  
  105  7:35  SCV x2  
  107  7:47  SCV x2, Marine x3  
  107  7:48  Marine x2  
  107  7:49  SCV  
  115  7:53  Refinery  
  115  7:55  Starport Tech Lab  
  115  7:59  SCV x2, Supply Depot  
  115  8:00  Fusion Core  
  115  8:01  SCV, Supply Depot  
  115  8:05  Marine  
  119  8:06  Armory  
  119  8:11  SCV  
  119  8:12  SCV  
  115  8:38  Viking x2  
  115  8:39  Viking  
  115  8:54  SCV x2  
  115  8:55  Marine x5  
  121  8:56  Starport  
  121  8:57  SCV  
  121  9:01  Command Center  
  123  9:03  Refinery  
  123  9:06  SCV, Supply Depot  
  123  9:07  SCV  
  123  9:08  Viking x2, Supply Depot x2  
  130  9:10  SCV  
  130  9:13  Marine  
  130  9:14  Marine x4  
  130  9:16  Siege Tank  
  138  9:17  Viking  
  138  9:21  Advanced Ballistics  
  138  9:23  SCV x3  
  143  9:27  Supply Depot  
  143  9:29  Supply Depot  
  143  9:31  Marine x2  
  144  9:42  Marine x3  
  144  9:44  Viking x2  
  151  9:45  Starport Reactor  
  151  9:49  Marine x2, Barracks  
  151  9:50  Barracks  
  153  9:56  Viking  
  155  10:00  Marine  
  155  10:05  SCV x3  
  159  10:10  Siege Tank  
  159  10:14  Viking  
  164  10:16  Viking  
  164  10:17  SCV  
  164  10:18  Marine  
  164  10:19  Marine, Marauder  
  171  10:26  Viking  
  172  10:33  Marine  
  172  10:34  Marine  
  174  10:38  Command Center  
  174  10:40  Marauder  
  174  10:42  Siege Tank  
  179  10:44  Viking  
  179  10:47  Barracks Tech Lab  
  179  10:48  Barracks Tech Lab  
  181  10:50  Viking x3  
  181  10:51  Terran Infantry Weapons Level 2  
  181  10:52  Terran Infantry Armor Level 2  
  187  11:02  Marauder  
  189  11:05  Liberator  
  185  11:21  Viking  
  185  11:22  Viking x3  
  185  11:24  Siege Tank  
  197  11:57  Siege Tank  
  200  12:01  Planetary Fortress  
  200  12:08  Barracks x2  
  200  12:09  Barracks  
  200  12:10  Barracks  
  200  12:11  Barracks  
  200  12:12  Refinery  
  200  12:13  Refinery  
  200  12:56  Liberator x4  
  192  13:03  Marine, Marauder  
  192  13:04  Marine x3, Marauder x2  
  152  13:18  Planetary Fortress  
  152  13:21  Marine x2, Barracks Tech Lab x5  
  152  13:22  Siege Tank  
  152  13:25  Marauder x2  
  161  13:33  Liberator  
  161  13:36  Marauder  
  160  13:44  Factory x2  
  160  13:46  Marauder  
  160  13:47  Marauder  
  160  13:48  Marine x3, Marauder x4  
  157  13:49  Marauder  
  157  13:52  SCV x4  
  171  13:58  Marauder  
  173  14:04  SCV x3  
  173  14:05  Refinery  
  176  14:10  Refinery  
  174  14:21  Marine x5, Marauder x4  
  174  14:22  Marauder x3  
  170  14:30  Thor  
  152  14:38  Viking x5  
  145  14:39  Marine x4  
  145  14:40  Marauder  
  145  14:42  Marine x2  
  145  14:43  Marauder  
  159  14:57  Marauder x3  
  159  14:58  Marauder  
  139  15:01  Marauder x3, Factory Tech Lab  
  139  15:02  Factory Tech Lab  
  139  15:04  Marauder  
  146  15:08  Viking  
  137  15:18  Siege Tank, Marauder  
  137  15:19  Marauder  
  137  15:20  Cyclone x2  
  116  15:29  Marauder x3  
  116  15:30  Marauder x3  
  122  15:35  Viking x2  
  117  15:50  Cyclone  
  117  15:52  Marine, Marauder x4  
  113  16:09  Siege Tank  
  113  16:10  Marauder x2  
  123  16:24  Orbital Command  
  120  16:36  Marauder x3  
  120  16:37  Marauder x5  
  120  16:38  Marine x4  
  123  16:57  Marine  
  123  16:58  Marine x3, Marauder x5  
Tags
 
Add a new tag
Caveats
  • Supply blocks, unpowered buildings, or Contaminate may cause inaccurate times.
  • Supply counts are checked every 10 seconds.